[Event "Titled Tuesday Blitz April 05 Early 2022"]
[White "Kamsky, Gata"]
[Black "Skliarov, Viktor"]
[WhiteFideId "2000024"]
[BlackFideId "14106736"]
[WhiteElo "2838"]
[BlackElo "2565"]
[Result "1-0"]
[Round "07"]
[TimeControl "180+1"]
[Date "2022.04.05"]
[WhiteClock "0:00:20"]
[BlackClock "0:00:09"]

1. d4 Nf6 2. Nf3 g6 3. Bg5 Bg7 4. c3 O-O 5. Nbd2 d5 6. e3 Nbd7 7. Be2 c5 8. O-O h6 9. Bh4 g5 10. Bg3 Nh5 11. Ne1 Nxg3 12. hxg3 e5 13. dxe5 Nxe5 14. Ndf3 Nxf3+ 15. Nxf3 Be6 16. Qd2 Qc7 17. Rfd1 Rad8 18. Rac1 f5 19. b4 b6 20. bxc5 bxc5 21. Qc2 Rd6 22. c4 g4 23. Nh4 d4 24. e4 f4 25. gxf4 Rxf4 26. g3 Rf7 27. Rb1 Rd8 28. Nf5 h5 29. Bd3 Rdf8 30. Kg2 Bxf5 31. exf5 Bf6 32. Be4 Rh7 33. Bd5+ Kh8 34. Rb7 Qe5 35. Rxh7+ Kxh7 36. Rh1 h4 37. gxh4 Rb8 38. h5 d3 39. Qxd3 Rb2 40. Qe4 Qd4 41. Qxd4 Bxd4 42. Kg3 Bxf2+ 43. Kxg4 Bd4 44. Re1 Rxa2 45. Re7+ Kh6 46. Re6+ Kg7 47. h6+ Kh7 48. f6 Kxh6 49. f7+ Kg7 50. Rg6+ Kxg6 51. f8=Q Rf2 52. Qg8+ Kf6 53. Qf7+ Ke5 54. Qe6# 1-0


[Site "https://www.chess.com"]

[Event "Titled Tuesday Blitz April 05 Early 2022"]
[White "Kostina, Nadezhda"]
[Black "Gontcharov, Vladislav"]
[WhiteFideId "4195876"]
[BlackFideId "4123492"]
[WhiteElo "1982"]
[BlackElo "2488"]
[Result "0-1"]
[Round "07"]
[TimeControl "180+1"]
[Date "2022.04.05"]
[WhiteClock "0:00:01"]
[BlackClock "0:00:14"]

1. e4 e6 2. d4 d5 3. Nc3 Bb4 4. e5 Ne7 5. Bd3 c5 6. a3 Bxc3+ 7. bxc3 Qa5 8. Bd2 c4 9. Be2 Bd7 10. Nf3 Ba4 11. O-O Nbc6 12. Ng5 h6 13. Nh3 O-O-O 14. f4 Rd7 15. Kh1 Qd8 16. g4 g6 17. Bf3 Qg8 18. Be3 h5 19. gxh5 gxh5 20. Rg1 Qf8 21. Bxh5 Nf5 22. Bf2 Qh6 23. Rg5 f6 24. exf6 Qxf6 25. Qg4 Bxc2 26. Rg8+ Rxg8 27. Qxg8+ Kc7 28. Bf3 Rg7 29. Qe8 Nh4 30. Bxh4 Qxh4 31. Qxe6 Rh7 32. Bg2 Rg7 33. Ng5 Qxf4 34. Qxc6+ Kxc6 35. Nf3 Be4 36. Rf1 Rxg2 37. Ne5+ Qxe5 38. dxe5 Rg5+ 0-1


[Site "https://www.chess.com"]

[Event "Titled Tuesday Blitz April 05 Early 2022"]
[White "Krishna, C R G"]
[Black "Dixit, Nikhil"]
[WhiteFideId "5018625"]
[BlackFideId "5059534"]
[WhiteElo "2332"]
[BlackElo "2223"]
[Result "1/2-1/2"]
[Round "07"]
[TimeControl "180+1"]
[Date "2022.04.05"]
[WhiteClock "0:00:17"]
[BlackClock "0:00:07"]

1. e4 Nc6 2. Nc3 g6 3. d4 d6 4. Nge2 Bg7 5. g3 e5 6. d5 Nd4 7. Bg2 Bg4 8. O-O Qd7 9. f3 Bh3 10. Nxd4 exd4 11. Ne2 Bxg2 12. Kxg2 h5 13. h4 Qa4 14. b3 Qa6 15. Qd3 Qxd3 16. cxd3 c5 17. dxc6 bxc6 18. Ba3 Kd7 19. Rac1 Ne7 20. Rc4 Nc8 21. Rfc1 c5 22. b4 Nb6 23. bxc5 Nxc4 24. Rxc4 dxc5 25. Bxc5 Rhc8 26. Nxd4 Rab8 27. Nb3 Bf8 28. Bxa7 Rxc4 29. dxc4 Ra8 30. Bc5 Rxa2+ 31. Kh3 Bxc5 32. Nxc5+ Ke7 33. g4 hxg4+ 34. Kxg4 Rc2 35. Nd3 Rxc4 36. Nf4 Rc1 37. h5 Rg1+ 38. Kh3 g5 39. Nd5+ Kf8 40. Ne3 f6 41. Nf5 Kf7 42. Kh2 Rf1 43. Kg3 Rg1+ 44. Kh2 Rf1 45. Kg3 Rh1 46. h6 Kg6 47. Kg2 Ra1 48. Kg3 Ra2 49. Kh3 Ra7 50. Kg3 Kh5 51. Kh3 Ra3 52. Kg2 g4 53. fxg4+ Kxg4 54. h7 Ra8 55. Nh6+ Kf4 56. Ng8 Ra2+ 57. Kf1 Rh2 58. Nxf6 Kg5 59. e5 Rxh7 60. Nxh7+ Kf5 61. Nf6 Kxe5 1/2-1/2


[Site "https://www.chess.com"]

[Event "Titled Tuesday Blitz April 05 Early 2022"]
[White "Krysa, Leandro"]
[Black "Begunov, Konstantin"]
[WhiteFideId "116807"]
[BlackFideId "4118510"]
[WhiteElo "2490"]
[BlackElo "2262"]
[Result "0-1"]
[Round "07"]
[TimeControl "180+1"]
[Date "2022.04.05"]
[WhiteClock "0:00:07"]
[BlackClock "0:00:20"]

1. e4 c5 2. Nf3 d6 3. d4 cxd4 4. Nxd4 Nf6 5. Nc3 a6 6. Rg1 e6 7. g4 h6 8. h4 g6 9. g5 hxg5 10. Bxg5 Be7 11. Qd2 Nc6 12. O-O-O Bd7 13. f4 Qb6 14. Kb1 Nxd4 15. Qxd4 Qxd4 16. Rxd4 Bc6 17. Bg2 Rd8 18. Rd2 Ng4 19. Bf3 Nf6 20. a3 Nh5 21. Bxe7 Kxe7 22. Ne2 Nf6 23. Rh1 Nxe4 24. Bxe4 Bxe4 25. Rh3 Bf5 26. Rh2 Rh7 27. Ng3 Bg4 28. Ne4 d5 29. Ng5 Rh5 30. Rdg2 Bf5 31. Rf2 Rdh8 32. Nf3 Be4 33. Nd2 Rxh4 34. Rxh4 Rxh4 35. b4 Kf6 36. Kb2 Kf5 37. Nb3 Rxf4 38. Nd4+ Ke5 39. Rd2 g5 40. Nb3 g4 41. Nc5 g3 0-1


[Site "https://www.chess.com"]

[Event "Titled Tuesday Blitz April 05 Early 2022"]
[White "Lamaze, Simon"]
[Black "Voege, Tobias"]
[WhiteFideId "36069264"]
[BlackFideId "1270513"]
[WhiteElo "1999"]
[BlackElo "2297"]
[Result "0-1"]
[Round "07"]
[TimeControl "180+1"]
[Date "2022.04.05"]
[WhiteClock "0:00:23"]
[BlackClock "0:00:27"]

1. d4 Nf6 2. c4 g6 3. g3 Bg7 4. Nc3 O-O 5. Bg2 c5 6. d5 d6 7. Nf3 Na6 8. O-O Nc7 9. e4 Rb8 10. a4 a6 11. a5 b5 12. axb6 Rxb6 13. Re1 Ng4 14. Ra3 Ne5 15. Nxe5 Bxe5 16. Qd3 f5 17. f4 Bd4+ 18. Kh1 fxe4 19. Bxe4 Bf5 20. b3 Qd7 21. Bxf5 gxf5 22. Be3 Bg7 23. Na4 Rb4 24. Bd2 Rb7 25. Ba5 Ne8 26. Nb6 Qc7 27. Ra2 Rxb6 28. Bxb6 Qxb6 29. Rxe7 Nf6 30. Rae2 Ne4 31. g4 Qd8 32. R2xe4 fxe4 33. Qxe4 Qb6 34. Qe3 a5 0-1


[Site "https://www.chess.com"]

[Event "Titled Tuesday Blitz April 05 Early 2022"]
[White "Lashkin, Jegor"]
[Black "Becerra, Juan David"]
[WhiteFideId "13907808"]
[BlackFideId "4404998"]
[WhiteElo "2368"]
[BlackElo "2277"]
[Result "1-0"]
[Round "07"]
[TimeControl "180+1"]
[Date "2022.04.05"]
[WhiteClock "0:01:09"]
[BlackClock "0:00:05"]

1. f4 d5 2. Nf3 Bg4 3. e3 e6 4. Be2 Nf6 5. O-O Be7 6. b3 O-O 7. Bb2 Nc6 8. d3 Nd7 9. Nbd2 Bf6 10. Bxf6 Qxf6 11. d4 Qe7 12. c3 f6 13. c4 Rad8 14. Qc2 Nb4 15. Qb2 c6 16. a3 Na6 17. b4 Nc7 18. Rac1 Kh8 19. h3 Bh5 20. Bd3 Nb6 21. c5 Nd7 22. a4 a6 23. b5 axb5 24. axb5 cxb5 25. Bxb5 Nxb5 26. Qxb5 Rb8 27. Ra1 e5 28. Qb3 Bf7 29. Ra7 exf4 30. exf4 Nxc5 31. Qa3 Qc7 32. Qxc5 Qxf4 33. Rxb7 Qe3+ 34. Kh1 Rbc8 35. Rc7 Rxc7 36. Qxc7 Bg8 37. Re1 Qf2 38. Qf4 Ra8 39. Qh4 Ra2 40. Qxf2 1-0


[Site "https://www.chess.com"]

[Event "Titled Tuesday Blitz April 05 Early 2022"]
[White "Lauridsen, Jesper Morch"]
[Black "Omariev, Maksim"]
[WhiteFideId "1401890"]
[BlackFideId "4193423"]
[WhiteElo "2260"]
[BlackElo "2499"]
[Result "1-0"]
[Round "07"]
[TimeControl "180+1"]
[Date "2022.04.05"]
[WhiteClock "0:00:50"]
[BlackClock "0:00:07"]

1. e4 c5 2. Nf3 d6 3. d4 cxd4 4. Nxd4 Nf6 5. Nc3 a6 6. Bc4 e6 7. a4 Be7 8. O-O O-O 9. Ba2 Nc6 10. Be3 Qc7 11. f4 Nb4 12. Bb3 Nd7 13. Nf3 Nc5 14. Bd4 Nxb3 15. cxb3 Bd7 16. Bxg7 Kxg7 17. Qd4+ Bf6 18. Qxb4 a5 19. Qc4 Qxc4 20. bxc4 Rfc8 21. e5 dxe5 22. fxe5 Be7 23. b3 Bc6 24. Rad1 Bb4 25. Nb5 Rd8 26. Nd6 Rd7 27. Ng5 Rf8 28. h4 h6 29. Nge4 Bxe4 30. Nxe4 Rfd8 31. Rxd7 Rxd7 32. Nf6 Rd3 33. Nh5+ Kg6 34. Nf4+ 1-0


[Site "https://www.chess.com"]

[Event "Titled Tuesday Blitz April 05 Early 2022"]
[White "Le Ruyet, Leopold"]
[Black "Samant Aditya S"]
[WhiteFideId "645923"]
[BlackFideId "35080580"]
[WhiteElo "2276"]
[BlackElo "1916"]
[Result "0-1"]
[Round "07"]
[TimeControl "180+1"]
[Date "2022.04.05"]
[WhiteClock "0:00:03"]
[BlackClock "0:00:19"]

1. e4 c5 2. c3 d5 3. exd5 Qxd5 4. d4 Nc6 5. Nf3 Bf5 6. Be2 cxd4 7. cxd4 Bxb1 8. Rxb1 e6 9. a3 Nf6 10. O-O Bd6 11. h3 O-O 12. Be3 Rac8 13. b4 Ne7 14. Nd2 Bb8 15. Bf3 Qd6 16. g3 Ned5 17. Qe1 Rc3 18. Bg2 Nxe3 19. fxe3 Qxg3 20. Qxg3 Bxg3 21. Rf3 Bb8 22. e4 Rxf3 23. Bxf3 Rd8 24. Nb3 b6 25. Kf2 Rc8 26. Ke2 Kf8 27. Kd3 Ke7 28. a4 g5 29. a5 h5 30. axb6 axb6 31. Ra1 g4 32. hxg4 hxg4 33. Be2 Rh8 34. Rg1 Rh3+ 35. Kc2 g3 36. e5 Nd5 37. b5 Rh2 38. Nc1 Nf4 39. Kd1 g2 40. Bf3 Rh3 0-1


[Site "https://www.chess.com"]

[Event "Titled Tuesday Blitz April 05 Early 2022"]
[White "Legenia, Artem"]
[Black "Zlatin, Alexander"]
[WhiteFideId "14136945"]
[BlackFideId "2810549"]
[WhiteElo "1936"]
[BlackElo "2228"]
[Result "1-0"]
[Round "07"]
[TimeControl "180+1"]
[Date "2022.04.05"]
[WhiteClock "0:00:18"]
[BlackClock "0:00:07"]

1. d4 d5 2. Bf4 e6 3. Nf3 Bd6 4. Bg3 c5 5. c3 Nc6 6. Bxd6 Qxd6 7. e3 Nf6 8. Bd3 O-O 9. O-O e5 10. dxe5 Nxe5 11. Be2 Bf5 12. Nxe5 Qxe5 13. Nd2 Rad8 14. Nf3 Qc7 15. h3 h6 16. Qb3 a6 17. a4 Rfe8 18. Rfd1 Be6 19. Qc2 Ne4 20. c4 Nf6 21. Rac1 Rc8 22. Bd3 b6 23. Bf5 a5 24. Bxe6 fxe6 25. b3 Red8 26. Qg6 dxc4 27. bxc4 Qf7 28. Qxf7+ Kxf7 29. Ne5+ Ke8 30. f3 Nd7 31. Nxd7 Rxd7 32. Rxd7 Kxd7 33. Rd1+ Kc6 34. e4 Rc7 35. Kf2 Rf7 36. Ke3 e5 37. Rd5 Re7 38. g3 Kc7 39. f4 exf4+ 40. gxf4 Kc6 41. e5 g5 42. f5 h5 43. Ke4 Rg7 44. Rd6+ Kc7 45. Rg6 Rd7 46. Rxg5 Rd4+ 47. Ke3 Rxc4 48. Rg7+ Kd8 49. f6 Rc1 50. Rg8+ Kd7 51. f7 Re1+ 52. Kf2 Rxe5 53. f8=Q c4 54. Qg7+ Ke6 55. Re8+ Kf5 56. Qxe5+ Kg6 57. Qe6+ Kg5 58. Qe5+ Kh4 59. Qg3# 1-0


[Site "https://www.chess.com"]

[Event "Titled Tuesday Blitz April 05 Early 2022"]
[White "Madaminov, Mukhiddin"]
[Black "Moskvin, Anatoly"]
[WhiteFideId "14210703"]
[BlackFideId "24199990"]
[WhiteElo "1916"]
[BlackElo "2079"]
[Result "1-0"]
[Round "07"]
[TimeControl "180+1"]
[Date "2022.04.05"]
[WhiteClock "0:01:04"]
[BlackClock "0:00:04"]

1. e4 e5 2. Nf3 d5 3. Nxe5 Bd6 4. d4 dxe4 5. Nc4 Nf6 6. Nc3 Nc6 7. Be2 h6 8. Be3 O-O 9. O-O Ne7 10. f3 exf3 11. Bxf3 Nf5 12. Bf2 Be6 13. Qd3 c6 14. Nxd6 Qxd6 15. Rae1 Rad8 16. Rd1 Qb4 17. b3 Qa5 18. Ne4 Nxe4 19. Bxe4 Nd6 20. Bf3 Bf5 21. Qd2 Qxa2 22. Rc1 Rfe8 23. Bh4 f6 24. Qb4 Nb5 25. c3 Qd2 26. Rfd1 Qe3+ 27. Bf2 Qg5 28. c4 Nd6 29. d5 Be4 30. Rc3 Bxf3 31. Rxf3 Ne4 32. Bxa7 cxd5 33. cxd5 Rxd5 34. Qc4 Nc3 35. Rxc3 Rd8 36. Rxd5 Qxd5 37. Rd3 Qxc4 38. Rxd8+ 1-0


[Site "https://www.chess.com"]

[Event "Titled Tuesday Blitz April 05 Early 2022"]
[White "Manolache, Marius"]
[Black "Aaditya Dhingra"]
[WhiteFideId "1201530"]
[BlackFideId "25678191"]
[WhiteElo "2364"]
[BlackElo "1849"]
[Result "0-1"]
[Round "07"]
[TimeControl "180+1"]
[Date "2022.04.05"]
[WhiteClock "0:00:01"]
[BlackClock "0:00:07"]

1. d4 Nf6 2. c4 e6 3. Nc3 Bb4 4. e3 c5 5. Nf3 Nc6 6. Bd2 cxd4 7. exd4 d5 8. a3 Be7 9. cxd5 Nxd5 10. Bb5 O-O 11. O-O Nxc3 12. bxc3 Bd7 13. Bd3 Bf6 14. h4 h6 15. Qe2 Ne7 16. Ne5 Bxe5 17. Qxe5 Bc6 18. Qg3 Nf5 19. Bxf5 exf5 20. Bxh6 Qf6 21. Bf4 Rac8 22. c4 Be4 23. c5 Rfd8 24. Rfe1 Rc6 25. Be5 Qh6 26. Qg5 Rd5 27. f3 Bd3 28. Qxh6 Rxh6 29. Rad1 Bb5 30. g3 Re6 31. Kf2 Ra6 32. Re3 Ra4 33. Rb1 Bc6 34. h5 f6 35. Bf4 Raxd4 36. Rc3 Rd3 37. Rbb3 Rd1 38. Rb2 R5d3 39. Rbb3 Rd5 40. Be3 Rh1 41. Kg2 Rxh5 42. Rd3 Kf7 43. Rxd5 Bxd5 44. Rd3 Bc6 45. Rd8 g5 46. Kg1 Bxf3 47. Rd6 Rh1+ 48. Kf2 Be4 49. Bd4 Rh2+ 50. Ke1 Ke7 51. Bxf6+ Kf7 52. Bxg5 Ra2 53. Bc1 Rg2 54. Bf4 Rc2 55. Be3 Rc3 56. Kd2 Rxa3 57. Rd4 Ra2+ 58. Kd1 Rg2 59. Bf4 a5 60. Rd8 a4 61. Ra8 Ra2 62. Bc1 Bc6 0-1


[Site "https://www.chess.com"]

[Event "Titled Tuesday Blitz April 05 Early 2022"]
[White "Manukian, Artak"]
[Black "Postnikov, Daniil"]
[WhiteFideId "13301373"]
[BlackFideId "4166329"]
[WhiteElo "2364"]
[BlackElo "2261"]
[Result "0-1"]
[Round "07"]
[TimeControl "180+1"]
[Date "2022.04.05"]
[WhiteClock "0:01:18"]
[BlackClock "0:00:44"]

1. e4 e6 2. d4 d5 3. e5 c5 4. c3 Nc6 5. Nf3 Bd7 6. Be2 f6 7. O-O fxe5 8. Nxe5 Nxe5 9. dxe5 Qc7 10. Bf4 O-O-O 11. b4 h6 12. Bg3 Kb8 13. Nd2 Ne7 14. bxc5 Nf5 15. Nb3 Bxc5 16. Nxc5 Qxc5 17. Rb1 g5 18. Qb3 b6 19. Bg4 Nxg3 20. hxg3 h5 21. Bf3 Rc8 22. Rbc1 Bb5 23. Rfd1 g4 24. c4 dxc4 0-1


[Site "https://www.chess.com"]

[Event "Titled Tuesday Blitz April 05 Early 2022"]
[White "Marcziter, Dmitrii"]
[Black "Coto Mederos, Michel"]
[WhiteFideId "13900765"]
[BlackFideId "3508528"]
[WhiteElo "2155"]
[BlackElo "2427"]
[Result "1-0"]
[Round "07"]
[TimeControl "180+1"]
[Date "2022.04.05"]
[WhiteClock "0:00:37"]
[BlackClock "0:00:07"]

1. d4 d5 2. c4 e6 3. Nc3 Nf6 4. Bg5 Be7 5. cxd5 exd5 6. Qc2 c6 7. e3 Nbd7 8. Bd3 O-O 9. Nge2 Re8 10. f3 Nf8 11. Bh4 Ng6 12. Bf2 Be6 13. O-O Qd7 14. e4 dxe4 15. fxe4 Nh5 16. Be3 Rad8 17. Rad1 Bd6 18. e5 Bb4 19. Ne4 Bd5 20. a3 Bf8 21. N2c3 Qg4 22. Be2 Qc8 23. Bxh5 c5 24. Nxd5 Rxd5 25. Qf2 Qc7 26. Nd6 Bxd6 27. exd6 Rxd6 28. dxc5 Rde6 29. Bd4 Re4 30. Bf3 R4e7 31. Bd5 Kh8 32. b4 f6 33. Qg3 Qd7 34. Bf3 Qa4 35. Bh5 Qc2 36. Bxg6 hxg6 37. Rde1 Re2 38. Rxe2 Rxe2 39. h4 Kg8 40. Bf2 Qd2 41. Qxg6 Qc2 42. Qxc2 Rxc2 43. Rd1 Ra2 44. Rd3 Kf7 45. Rd7+ Kg6 46. Rxb7 Rxa3 47. c6 Rc3 48. c7 a6 49. Bc5 Rc1+ 50. Kh2 1-0


[Site "https://www.chess.com"]

[Event "Titled Tuesday Blitz April 05 Early 2022"]
[White "Martin Carmona, Gaston Manuel"]
[Black "Avazkhonov, Alikhon"]
[WhiteFideId "22284567"]
[BlackFideId "14208504"]
[WhiteElo "2146"]
[BlackElo "1739"]
[Result "1-0"]
[Round "07"]
[TimeControl "180+1"]
[Date "2022.04.05"]
[WhiteClock "0:00:31"]
[BlackClock "0:00:03"]

1. d4 d5 2. c4 e6 3. Nf3 c6 4. g3 dxc4 5. Bg2 Nf6 6. O-O Be7 7. Ne5 O-O 8. Nxc4 c5 9. dxc5 Bxc5 10. Qc2 Nc6 11. Rd1 Nd4 12. Qd3 Qc7 13. Bf4 Qe7 14. b4 Rd8 15. bxc5 e5 16. Bxe5 Bf5 17. e4 Bg4 18. Bd6 Ne2+ 19. Kf1 Qe6 20. Nbd2 1-0


[Site "https://www.chess.com"]

[Event "Titled Tuesday Blitz April 05 Early 2022"]
[White "Matveeva, Olga"]
[Black "Sanchez Alvares, Kelvin Antonio"]
[WhiteFideId "24107018"]
[BlackFideId "3906680"]
[WhiteElo "2083"]
[BlackElo "2193"]
[Result "0-1"]
[Round "07"]
[TimeControl "180+1"]
[Date "2022.04.05"]
[WhiteClock "0:00:04"]
[BlackClock "0:00:01"]

1. d4 d5 2. c4 c6 3. Nf3 Nf6 4. e3 e6 5. Nc3 Nbd7 6. b3 Bb4 7. Bb2 Qa5 8. Qc2 Ne4 9. Rc1 Qxa2 10. Bd3 Bxc3+ 11. Bxc3 Qxc2 12. Rxc2 Nxc3 13. Rxc3 dxc4 14. bxc4 b6 15. O-O Bb7 16. Ra1 c5 17. Rca3 a5 18. Rb1 Bxf3 19. gxf3 Rc8 20. d5 Ke7 21. e4 Rb8 22. Rab3 g5 23. Kf1 Kd6 24. Ke2 Ra8 25. Rb5 Ra7 26. Bc2 a4 27. Ra1 Rha8 28. Ra3 Kc7 29. Rb1 Ra5 30. Rba1 Ne5 31. Bd3 exd5 32. exd5 Kd6 33. Rb1 R8a6 34. Ke3 h6 35. Bf1 f5 36. h3 Ng6 37. Bd3 Ne5 38. Be2 Ng6 39. Bd3 Ke5 40. Re1 Nf4 41. Kd2+ Kf6 42. Bf1 Ra7 43. Re8 R5a6 44. Rh8 h5 45. Rh6+ Kg7 46. Rc6 Rd7 47. Rc8 Re7 48. Rc6 Kf7 49. Rc8 Re8 50. Rc7+ Re7 51. Rc6 Ng6 52. Rc8 Raa7 53. Rb8 Reb7 54. Rxb7+ Rxb7 55. Rxa4 Kf6 56. Ra8 Ke5 57. Ke3 f4+ 58. Kd3 Kf6 59. Re8 b5 60. Re6+ Kf7 61. cxb5 Rxb5 62. Kc4 Rb2 63. Kxc5 Rxf2 64. Bd3 Nf8 65. Ra6 Rxf3 66. Ra7+ Kf6 67. Ra6+ Ke5 68. Bc4 Rc3 69. Kb4 Rc1 70. d6 Nd7 71. Rc6 Rb1+ 72. Kc3 Rc1+ 73. Kd2 Ra1 74. Bb5 Ra5 75. Bd3 Rd5 76. Rc8 Rxd6 77. Rg8 Nc5 78. Rxg5+ Kd4 0-1


[Site "https://www.chess.com"]

[Event "Titled Tuesday Blitz April 05 Early 2022"]
[White "Mikhnenko, Alexander"]
[Black "Pischal, Yulia"]
[WhiteFideId "34143014"]
[BlackFideId "14102390"]
[WhiteElo "2117"]
[BlackElo "1931"]
[Result "0-1"]
[Round "07"]
[TimeControl "180+1"]
[Date "2022.04.05"]
[WhiteClock "0:01:03"]
[BlackClock "0:01:10"]

1. e4 c5 2. Nf3 d6 3. d4 cxd4 4. Nxd4 Nf6 5. Nc3 Nc6 6. Bg5 e6 7. Qd3 Be7 8. O-O-O Nxd4 9. Qxd4 O-O 10. f4 a6 11. g4 Qc7 12. Qd3 Rd8 13. Bh4 b5 14. Bg2 Bb7 15. Bf3 b4 16. Ne2 a5 17. g5 Nd7 18. Bf2 Nc5 19. Bxc5 Qxc5 20. h4 Rdc8 21. h5 Ba6 22. Qd2 a4 23. Kb1 Bc4 24. g6 fxg6 25. hxg6 h6 26. f5 Bf6 27. Qxd6 b3 28. Qxc5 bxa2+ 29. Ka1 Rxc5 30. e5 Bxe2 31. Bxa8 Bxd1 32. Rxd1 Rxe5 33. fxe6 Kf8 34. Bd5 a3 35. Kxa2 axb2 36. Bb3 Ra5+ 0-1


[Site "https://www.chess.com"]

[Event "Titled Tuesday Blitz April 05 Early 2022"]
[White "Mogirzan, Matei-Valeriu"]
[Black "Rabineau, Clement"]
[WhiteFideId "1257455"]
[BlackFideId "628891"]
[WhiteElo "1733"]
[BlackElo "2237"]
[Result "0-1"]
[Round "07"]
[TimeControl "180+1"]
[Date "2022.04.05"]
[WhiteClock "0:00:09"]
[BlackClock "0:00:05"]

1. e4 d6 2. d4 g6 3. Nc3 Bg7 4. Bg5 a6 5. Qd2 b5 6. a3 Bb7 7. O-O-O Nd7 8. f4 c5 9. e5 cxd4 10. Qxd4 h6 11. Bh4 g5 12. fxg5 hxg5 13. Bxg5 Nxe5 14. Nf3 Rc8 15. Nd5 Bxd5 16. Qxd5 Qc7 17. Bd3 Nf6 18. Qb3 Nxd3+ 19. Qxd3 Qc4 20. Rhe1 Qxd3 21. Rxd3 Kf8 22. h4 Rc7 23. Nd4 Ng4 24. Nf5 Ne5 25. Rg3 Bf6 26. Bxf6 exf6 27. Nxd6 Rxh4 28. Nf5 Rf4 29. Ne3 Rf2 30. Rf1 Rcxc2+ 31. Nxc2 Rxf1+ 32. Kd2 Rf2+ 33. Kc3 Nc4 34. b3 Ne5 35. Nd4 Rf1 36. Kb4 Ra1 37. a4 bxa4 38. bxa4 Ke7 39. Rc3 Kd6 40. Nb3 Rb1 41. Ka5 f5 42. Kxa6 f4 43. a5 Nc6 44. Kb6 Nd4 45. a6 Nxb3 46. a7 Nc5+ 47. Ka5 Ra1+ 48. Kb6 Ne4 49. Kb7 Nxc3 50. g3 Rxa7+ 51. Kxa7 fxg3 52. Kb6 g2 53. Kb7 g1=Q 54. Kc8 Qa7 55. Kd8 Qd7# 0-1


[Site "https://www.chess.com"]

[Event "Titled Tuesday Blitz April 05 Early 2022"]
[White "Mohammadian, Mohammad"]
[Black "Rosenberg, Evan S"]
[WhiteFideId "12566055"]
[BlackFideId "2019299"]
[WhiteElo "1544"]
[BlackElo "2263"]
[Result "0-1"]
[Round "07"]
[TimeControl "180+1"]
[Date "2022.04.05"]
[WhiteClock "0:00:00"]
[BlackClock "0:00:28"]

1. e4 e5 2. Nf3 Nc6 3. Bb5 Nf6 4. O-O Nxe4 5. Re1 Nd6 6. Bxc6 dxc6 7. Nxe5 Be7 8. d4 O-O 9. Bf4 Nf5 10. c3 Re8 11. Nd2 c5 12. dxc5 Bxc5 13. Qc2 Be6 14. Red1 Qh4 15. Bg3 Nxg3 16. hxg3 Qxg3 17. Ne4 Qxe5 18. Nxc5 Qxc5 19. Rd4 Rad8 20. Rad1 Rxd4 21. Rxd4 g6 22. Qd2 c6 23. b4 Qe5 24. a4 Bd5 25. c4 Qe1+ 26. Qxe1 Rxe1+ 27. Kh2 Be6 28. b5 c5 29. Rd8+ Kg7 30. a5 Bxc4 31. Rb8 Bxb5 32. Rxb7 a6 33. Rc7 c4 34. Kg3 Ra1 35. f4 Rxa5 36. f5 gxf5 37. Rc5 Kg6 38. Kf4 Ra2 39. g4 fxg4 40. Kxg4 Re2 41. Rg5+ Kf6 42. Rc5 Re5 0-1


[Site "https://www.chess.com"]

[Event "Titled Tuesday Blitz April 05 Early 2022"]
[White "Nguyen Hong Nhung"]
[Black "Mekhitarian, Krikor Sevag"]
[WhiteFideId "12412201"]
[BlackFideId "2107660"]
[WhiteElo "1758"]
[BlackElo "2598"]
[Result "1-0"]
[Round "07"]
[TimeControl "180+1"]
[Date "2022.04.05"]
[WhiteClock "0:00:12"]
[BlackClock "0:00:03"]

1. e4 e5 2. Nf3 Nf6 3. Nxe5 d6 4. Nf3 Nxe4 5. d4 d5 6. Bd3 Bd6 7. O-O O-O 8. c4 c6 9. Re1 Bf5 10. Ng5 Re8 11. Bxe4 dxe4 12. Nc3 Bb4 13. Ngxe4 Nd7 14. Ng3 Rxe1+ 15. Qxe1 Bd3 16. b3 Nf6 17. Be3 Qa5 18. Bd2 Re8 19. Nce4 Bxd2 20. Nxf6+ gxf6 21. Qxe8+ Kg7 22. Rd1 Bg6 23. Qe2 Bf4 24. d5 cxd5 25. cxd5 Be5 26. d6 Qd8 27. d7 h6 28. Qg4 Kh7 29. h3 Bc7 30. Nh5 Qe7 31. Qf3 Bd8 32. Nf4 Be4 33. Qe3 f5 34. Nd5 Qe5 35. Nc3 Bb6 36. Qxb6 axb6 37. Nxe4 fxe4 38. d8=Q e3 39. fxe3 Qxe3+ 40. Kh1 1-0


[Site "https://www.chess.com"]

[Event "Titled Tuesday Blitz April 05 Early 2022"]
[White "Niyazgulova, Marina"]
[Black "Vusatiuk, Vladimir"]
[WhiteFideId "24142573"]
[BlackFideId "14118610"]
[WhiteElo "2046"]
[BlackElo "2157"]
[Result "1-0"]
[Round "07"]
[TimeControl "180+1"]
[Date "2022.04.05"]
[WhiteClock "0:00:19"]
[BlackClock "0:00:03"]

1. d4 d5 2. Nf3 e6 3. c4 Nf6 4. Nc3 c5 5. cxd5 cxd4 6. Nxd4 exd5 7. Bg5 Be7 8. e3 O-O 9. Bd3 Nc6 10. O-O h6 11. Bh4 Nxd4 12. exd4 Be6 13. Rc1 Qb6 14. Na4 Qa5 15. a3 Rac8 16. Rxc8 Rxc8 17. b4 Qd8 18. Nc5 Bxc5 19. bxc5 b6 20. Qc2 bxc5 21. dxc5 Qa5 22. Bxf6 gxf6 23. c6 Qxa3 24. c7 Qa5 25. Rc1 Qb6 26. h3 Kf8 27. Qc6 Qxc6 28. Rxc6 Ke7 29. Ba6 Rg8 30. c8=Q Bxc8 31. Rxc8 Rg5 32. Rc7+ Kf8 33. Rxa7 Re5 34. Kh2 Kg7 35. Rd7 Kg6 36. Bb7 Re2 37. Kg3 Rb2 38. Bxd5 Rd2 39. Bxf7+ 1-0


[Site "https://www.chess.com"]

[Event "Titled Tuesday Blitz April 05 Early 2022"]
[White "Petrova, Irina"]
[Black "Jaskolka, Tomasz"]
[WhiteFideId "14124122"]
[BlackFideId "1170791"]
[WhiteElo "1993"]
[BlackElo "2073"]
[Result "0-1"]
[Round "07"]
[TimeControl "180+1"]
[Date "2022.04.05"]
[WhiteClock "0:00:33"]
[BlackClock "0:00:22"]

1. e4 c5 2. Nf3 e6 3. b3 d5 4. exd5 exd5 5. Bb5+ Bd7 6. Bxd7+ Qxd7 7. O-O Be7 8. d4 Bf6 9. Ne5 Bxe5 10. dxe5 Nc6 11. Nc3 Nge7 12. Bg5 O-O 13. Bxe7 Nxe7 14. Qf3 Rad8 15. Rad1 Qe6 16. Rfe1 b6 17. Nb5 Rd7 18. a4 Rfd8 19. h3 Nc6 20. Qg3 a6 21. Nc3 Nd4 22. Qd3 Qg6 23. Qxa6 Nf3+ 24. Kh1 Nxe1 25. Rxe1 Qxc2 26. Nb5 Qxf2 27. Rg1 d4 28. Qxb6 d3 29. Nd6 d2 30. Qxc5 Qxc5 0-1


[Site "https://www.chess.com"]

[Event "Titled Tuesday Blitz April 05 Early 2022"]
[White "Petrovic, Aleksa"]
[Black "Alboredo, Julia"]
[WhiteFideId "967629"]
[BlackFideId "2124807"]
[WhiteElo "2198"]
[BlackElo "2041"]
[Result "1-0"]
[Round "07"]
[TimeControl "180+1"]
[Date "2022.04.05"]
[WhiteClock "0:00:04"]
[BlackClock "0:00:02"]

1. d4 Nf6 2. c4 g6 3. Nc3 Bg7 4. e4 d6 5. Nf3 O-O 6. Be2 e5 7. Be3 Ng4 8. Bg5 f6 9. Bh4 Nc6 10. d5 Ne7 11. Nd2 Nh6 12. g4 f5 13. g5 Nf7 14. f3 c6 15. Qb3 Rb8 16. Qa3 a6 17. Rg1 b5 18. b4 Qb6 19. Bf2 Qb7 20. dxc6 Nxc6 21. cxb5 axb5 22. Nxb5 Nd4 23. Nxd4 exd4 24. Rb1 Ne5 25. Bxd4 fxe4 26. Nxe4 Bf5 27. Qb3+ Kh8 28. Nxd6 Qd7 29. Nxf5 Qxf5 30. b5 Rfe8 31. Kf1 Nxf3 32. Bxg7+ Kxg7 33. Qxf3 Qxb1+ 34. Kg2 Qb4 35. Rd1 Qe7 36. Rd2 Qe4 37. Qxe4 Rxe4 38. Rb2 Re7 39. a4 Re5 40. b6 Rxg5+ 41. Kf3 Ra5 42. Bb5 Rxb6 43. Rc2 Rbxb5 44. Rc7+ Kh6 45. axb5 Rxb5 46. Kg3 Rb3+ 47. Kg2 Rb2+ 48. Kg3 Rb5 49. Kg2 Rf5 50. Kg3 Rh5 51. Kg2 Kg5 52. Rc5+ Kh4 53. Rc4+ Kg5 54. Rc5+ Kh6 55. Rc6 Kg7 56. Rc7+ Kf6 57. Rc6+ Ke7 58. Rc7+ Kd6 59. Rg7 Ke6 60. Ra7 g5 61. Ra6+ Ke7 62. Kg3 Rh4 63. Ra5 h6 64. Ra7+ Kf6 65. Ra6+ Kg7 66. Ra7+ Kg6 67. Ra6+ Kh5 68. Ra5 Rb4 69. Ra3 Rb6 70. Rc3 Rf6 71. Ra3 Kg6 72. Rc3 h5 73. Ra3 Rb6 74. Rc3 h4+ 75. Kg4 Rb4+ 76. Kh3 Kh5 77. Rc5 Rb3+ 78. Kg2 Rd3 79. Rb5 Rd4 80. Rb8 Rd3 81. Rb4 h3+ 82. Kf2 Ra3 83. Rb8 Kg4 84. Rb4+ Kh5 85. Rb8 Kh4 86. Rh8+ Kg4 87. Rb8 Ra2+ 88. Kg1 Rxh2 89. Kxh2 Kf3 90. Rg8 g4 91. Rf8+ Ke3 92. Kg3 1-0


[Site "https://www.chess.com"]